 Dungeon Crawl Stone Soup version 0.23-a0-629-gae4348f6cf (webtiles) character file.

553846 Napalmbreeze the Slayer (level 25, -6/173 HPs)
             Began as a Gargoyle Fighter on Dec 25, 2018.
             Was a High Priest of Okawaru.
             Splashed with acid (45 damage)
             ... on level 1 of the Pits of Slime.
             The game lasted 02:33:46 (60713 turns).

Napalmbreeze the Slayer (Gargoyle Fighter)         Turns: 60713, Time: 02:33:47

Health: -6/173     AC: 66    Str: 33    XL:     25   Next: 77%
Magic:  30/30      EV: 19    Int: 12    God:    Okawaru [*****.]
Gold:   3541       SH: 21    Dex: 16    Spells: 24/24 levels left

rFire    + + .     SeeInvis +   G - +9 eveningstar (elec)
rCold    + + .     Gourm    .   w - +0 shield {rC+ rF+}
rNeg     + + +     Faith    .   I - +9 crystal plate armour of Impermeability {Int+2}
rPois    ∞         Spirit   .   y - +2 helmet
rElec    +         Reflect  +   p - scarf {rC+ rF+}
rCorr    .         Harm     .   m - +2 pair of gloves
MR       ++...                  F - +0 pair of boots
Stlth    ..........             l - amulet "Atyb Ach" {Reflect rF+ Str+2 SH+5}
HPRegen  0.38/turn              d - ring of Winter {rF- rN+++ MR+ Dex+7 SInv}
MPRegen  0.22/turn              O - +4 ring of evasion

@: flying
A: big wings, negative energy resistance 1, screaming 1, electricity resistance,
unbreathing, petrification resistance, rot immunity, AC +19
}: 4/15 runes: decaying, silver, abyssal, gossamer
a: Stop Flying, Heroism, Finesse, Renounce Religion


You were on level 1 of the Pits of Slime.
You worshipped Okawaru.
Okawaru was extremely pleased with you.
You were very hungry.

You visited 9 branches of the dungeon, and saw 44 of its levels.
You visited the Abyss 3 times.
You also visited: Gauntlet and Ice Cave.

You collected 6648 gold pieces.
You spent 3107 gold pieces at shops.

Inventory:

Hand Weapons
 G - a +9 eveningstar of electrocution (weapon)
 J - a +3 broad axe of holy wrath
Missiles
 Y - 20 javelins of penetration (quivered)
Armour
 m - a +2 pair of gloves (worn)
 p - a scarf of resistance (worn)
 w - a +0 shield of resistance (worn)
 y - a +2 helmet (worn)
 F - a +0 pair of boots (worn)
 I - the +9 crystal plate armour of Impermeability (worn) {Int+2}
   (Okawaru gifted it to you on level 5 of the Abyss)

   It affects your intelligence (+2).
 P - +2 gold dragon scales
Jewellery
 a - an uncursed ring of protection from cold
 d - the ring of Winter (left hand) {rF- rN+++ MR+ Dex+7 SInv}
   (You found it on level 1 of the Depths)

   [ring of protection from magic]

   It affects your dexterity (+7).
   It makes you vulnerable to fire.
   It renders you almost immune to negative energy.
   It affects your resistance to hostile enchantments.
   It lets you see invisible.
 l - the amulet "Atyb Ach" (around neck) {Reflect rF+ Str+2 SH+5}
   (You bought it in a shop on level 1 of the Depths)

   [amulet of reflection]

   It shields you and reflects attacks.
   It affects your strength (+2).
   It protects you from fire.
   It affects your SH (+5).
 L - an uncursed ring of resist corrosion
 O - a +4 ring of evasion (right hand)
Wands
 b - a wand of polymorph (7)
 q - a wand of digging (14)
 B - a wand of iceblast (22)
 E - a wand of disintegration (10)
 U - a wand of clouds (5)
 X - a wand of acid (10)
Scrolls
 h - 10 scrolls of remove curse
 j - 21 scrolls of teleportation
 r - 2 scrolls of holy word
 t - 8 scrolls of magic mapping
 v - 9 scrolls of identify
 x - 10 scrolls of blinking
 z - 2 scrolls of immolation
 D - 5 scrolls of enchant armour
 H - 8 scrolls of fear
 K - 3 scrolls of fog
 R - 2 scrolls of silence
 T - a scroll of enchant weapon
 W - 2 scrolls of summoning
Potions
 c - 5 potions of brilliance
 e - 2 potions of might
 g - 4 potions of ambrosia
 i - 20 potions of curing
 k - 8 potions of resistance
 n - 4 potions of invisibility
 o - 5 potions of heal wounds
 s - 2 potions of haste
 C - 4 potions of mutation
 M - 11 potions of agility
 N - 5 potions of cancellation
 Q - a potion of lignification
 S - 6 potions of berserk rage
Miscellaneous
 u - a phantom mirror
Comestibles
 f - 57 rations


   Skills:
 - Level 22.0 Fighting
 - Level 22.0 Maces & Flails
 - Level 22.0 Armour
 + Level 12.4 Dodging
 + Level 17.4 Shields
 - Level 8.0 Invocations
 - Level 10.0 Evocations


You had 24 spell levels left.
You didn't know any spells.
Your spell library contained the following spells:

 Spells                   Type           Power        Failure   Level  Hunger
 Animate Skeleton         Necr           N/A          93%         1    ##.....
 Apportation              Tloc           #.....       93%         1    ##.....
 Confusing Touch          Hex            #.....       93%         1    ##.....
 Corona                   Hex            #......      93%         1    ##.....
 Infusion                 Chrm           #...         93%         1    ##.....
 Magic Dart               Conj           #...         93%         1    ##.....
 Pain                     Necr           #...         93%         1    ##.....
 Shock                    Conj/Air       #...         93%         1    ##.....
 Sting                    Conj/Pois      #...         93%         1    ##.....
 Summon Butterflies       Summ           #.......     93%         1    ##.....
 Summon Small Mammal      Summ           #...         93%         1    ##.....
 Blink                    Tloc           N/A          98%         2    ###....
 Call Imp                 Summ           #.......     98%         2    ###....
 Ensorcelled Hibernation  Hex/Ice        #.....       98%         2    ###....
 Passwall                 Tmut/Erth      #.......     98%         2    ###....
 Poisonous Vapours        Pois/Air       #.....       98%         2    ###....
 Searing Ray              Conj           #.....       98%         2    ###....
 Slow                     Hex            #.......     98%         2    ###....
 Song of Slaying          Chrm           #.......     98%         2    ###....
 Swiftness                Chrm/Air       #.......     98%         2    ###....
 Throw Flame              Conj/Fire      #.....       98%         2    ###....
 Confuse                  Hex            #.......     100%        3    ####...
 Conjure Flame            Conj/Fire      #.......     100%        3    ####...
 Dazzling Spray           Conj/Hex       #.....       100%        3    ####...
 Gell's Gravitas          Tloc           #.........   100%        3    ####...
 Inner Flame              Hex/Fire       #.......     100%        3    ####...
 Lesser Beckoning         Tloc           #.........   100%        3    ####...
 Mephitic Cloud           Conj/Pois/Air  #.......     100%        3    ####...
 Ozocubu's Armour         Chrm/Ice       #.......     100%        3    ####...
 Portal Projectile        Hex/Tloc       #.....       100%        3    ####...
 Recall                   Summ/Tloc      N/A          100%        3    ####...
 Regeneration             Chrm/Necr      #.........   100%        3    ####...
 Spectral Weapon          Hex/Chrm       #.......     100%        3    ####...
 Static Discharge         Conj/Air       #.......     100%        3    ####...
 Tukima's Dance           Hex            #.......     100%        3    ####...
 Vampiric Draining        Necr           #.........   100%        3    ####...
 Airstrike                Air            #.........   100%        4    #####..
 Animate Dead             Necr           N/A          100%        4    #####..
 Cause Fear               Hex            #.........   100%        4    #####..
 Force Lance              Conj/Tloc      #.......     100%        4    #####..
 Fulminant Prism          Conj/Hex       #.........   100%        4    #####..
 Ice Form                 Ice/Tmut       #.......     100%        4    #####..
 Iskenderun's Mystic Bla  Conj           #.......     100%        4    #####..
 Leda's Liquefaction      Hex/Erth       #.........   100%        4    #####..
 Olgreb's Toxic Radiance  Pois           #.......     100%        4    #####..
 Passage of Golubria      Tloc           N/A          100%        4    #####..
 Petrify                  Tmut/Erth      #.......     100%        4    #####..
 Alistair's Intoxication  Tmut/Pois      #.......     100%        5    ######.
 Bolt of Draining         Conj/Necr      #.........   100%        5    ######.
 Bolt of Magma            Conj/Fire/Erth #.........   100%        5    ######.
 Borgnjor's Vile Clutch   Necr/Erth      #.........   100%        5    ######.
 Lee's Rapid Deconstruct  Erth           #.........   100%        5    ######.
 Lightning Bolt           Conj/Air       #.........   100%        5    ######.
 Metabolic Englaciation   Hex/Ice        #.........   100%        5    ######.
 Venom Bolt               Conj/Pois      #.........   100%        5    ######.
 Yara's Violent Unravell  Hex/Tmut       #.........   100%        5    ######.
 Bolt of Cold             Conj/Ice       #.........   100%        6    #######
 Conjure Ball Lightning   Conj/Air       #.........   100%        6    #######
 Darkness                 Hex            #.........   100%        6    #######
 Death Channel            Necr           #.........   100%        6    #######
 Freezing Cloud           Conj/Ice/Air   #.........   100%        6    #######
 Invisibility             Hex            #.......     100%        6    #######
 Iron Shot                Conj/Erth      #.........   100%        6    #######
 Ozocubu's Refrigeration  Ice            #.........   100%        6    #######
 Simulacrum               Ice/Necr       #.........   100%        6    #######
 Orb of Destruction       Conj           #.........   100%        7    #######
 Ring of Flames           Chrm/Fire      #.........   100%        7    #######
 Shatter                  Erth           #.........   100%        9    #######
 Sublimation of Blood     Necr           Unusable     N/A         2    N/A
 Statue Form              Tmut/Erth      Unusable     N/A         6    N/A

Dungeon Overview and Level Annotations

Branches:
Dungeon (15/15)            Temple (1/1) D:6            Lair (6/6) D:8
  Swamp (4/4) Lair:4       Spider (4/4) Lair:3        Slime (2/5) Lair:6
    Orc (2/2) D:11            Elf (0/3) Orc:2        Vaults (5/5) D:14
  Crypt (0/3) Vaults:2     Depths (5/5) D:15            Zot (0/5) Depths:5

Altars:
Ashenzari
Cheibriados
Dithmenos
Elyvilon
Fedhas
Gozag
Hepliaklqana
Kikubaaqudgha
Makhleb
Nemelex Xobeh
Okawaru
Qazlal
Ru
Sif Muna
Trog
Uskayaw
Vehumet
Wu Jian
Xom
Yredelemnul
Zin
The Shining One
Beogh
Jiyva

Shops:
D:4 (   D:5 ((![   D:9 (   D:11 }[}   D:14 =   Orc:2 }***   Vaults:3 [
Depths:1 =

Portals:
Hell: Depths:1 Depths:2 Depths:3 Depths:4 Depths:5
Abyss: Depths:4
Pandemonium: Depths:3 Depths:5
Ziggurat: Depths:4
Trove: Depths:2 (give +7 demon blade)

Annotations:
D:11 1 runed door, SpeedVeins's ghost, journeyman DDFi


Innate Abilities, Weirdness & Mutations

You are resistant to torment.
Your stone body is resilient. (AC +19)
You are immune to poison.
Your large and strong wings let you fly indefinitely.
You resist negative energy. (rN+)
You are resistant to electric shocks. (rElec)
You can survive without breathing.
You are immune to petrification.
You are immune to rotting.
You occasionally shout uncontrollably at your foes.


Message History

The slime creature hits you but does no damage.
The golden eye blinks at you. You resist with almost no effort.
Unknown command.
You bump into the slime covered rock wall.
You are splashed with acid!
The walls burn you!
The golden eye blinks!
The slime creature barely misses you. The slime creature hits you.
Unknown command.
You bludgeon the golden eye!!
You kill the golden eye!
Okawaru accepts your kill.
You are splashed with acid!
The walls burn you! The slime creature closely misses you.
The slime creature misses you.
You are splashed with acid!
The walls burn you!
* * * LOW HITPOINT WARNING * * *
The golden eye pulsates ominously.
The slime creature barely misses you.
Unknown command.
You feel better.
You are splashed with acid!
The walls burn you!
You die...

###########
#.######@#.....#.##
......G.JJ........#
...........>.....##
..................#..
......#..............
###..................
................#.##
..................#
.................##


You could see 2 slime creatures and a golden eye.

Vanquished Creatures
  5 ancient liches (Vaults:5)
  Mara (Vaults:2)
  Boris (Depths:4)
  Sojobo (Depths:5)
  Frederick (Depths:4)
  the Lernaean hydra (Swamp:4)
  A caustic shrike (Depths:2)
  Margery (Vaults:4)
  3 golden dragons
  An iron giant (shapeshifter) (Depths:4)
  A hellephant (Abyss:5)
  4 tentacled monstrosities
  3 liches
  2 quicksilver dragons (Vaults:5)
  A quicksilver dragon (shapeshifter) (Depths:4)
  5 titans
  An acid blob (shapeshifter) (Depths:4)
  2 sphinxes
  A deep elf blademaster (Depths:4)
  2 acid blobs
  A tentacled starspawn (Abyss:5)
  8 shadow dragons
  10 tengu reavers
  A sphinx (shapeshifter) (Depths:4)
  3 storm dragons
  Roxanne (Swamp:2)
  6 fire giants
  A revenant (Vaults:2)
  10 frost giants
  The ghost of Harunobu the Warrior, a journeyman OgBe of Trog (Lair:6)
  An azure jelly (Slime:1)
  An azure jelly (shapeshifter) (Depths:4)
  7 ghost moths
  3 deep elf sorcerers (Vaults:4)
  14 vault wardens
  2 orc warlords
  The ghost of dcsswall the Blob, a journeyman DsFE of Jiyva (Swamp:1)
  4 iron dragons
  18 stone giants
  5 emperor scorpions
  A curse skull (Vaults:2)
  A draconian stormcaller (Depths:5)
  A draconian shifter (Depths:5)
  2 spriggan defenders
  15 ironheart preservers
  2 war gargoyles (Depths:4)
  3 entropy weavers
  5 very ugly things
  3 green draconians (Depths:5)
  5 deep elf annihilators
  13 spark wasps
  4 dire elephants (Abyss:5)
  A minotaur (Gauntlet)
  A purple draconian (Depths:5)
  2 red draconians
  3 deep elf death magi
  13 ettins
  A white draconian (Depths:5)
  2 green deaths
  9 fire dragons
  A crystal guardian (Depths:4)
  A jiangshi (Vaults:2)
  5 great orbs of eyes
  10 ogre magi
  A deep elf high priest (Depths:3)
  30 vault guards
  13 yaktaur captains
  7 rakshasas
  10 ice dragons
  29 hydras
  4 spriggan air magi
  7 centaur warriors
  A catoblepas (Gauntlet)
  A hydra (shapeshifter) (Depths:3)
  Erica (D:11)
  A death knight (Vaults:3)
  A shambling mangrove (Swamp:4)
  9 alligators
  3 juggernaut simulacra (Depths:4)
  11 deep troll shamans
  5 orc high priests (Orc:2)
  8 death scarabs (Spider:4)
  37 two-headed ogres
  14 tengu warriors
  A queen ant (Spider:2)
  A satyr (Abyss:5)
  2 spriggan berserkers
  3 vampire magi
  8 death yaks
  2 dancing weapons (Depths:4)
  13 deep troll earth magi
  A shock serpent (Depths:4)
  Urug (D:12)
  4 thrashing horrors (Abyss:5)
  7 deep elf knights
  A shadow wraith (Vaults:2)
  2 spectral emperor scorpions (Spider:4)
  A fire crab (shapeshifter) (Depths:2)
  A wizard (Depths:3)
  2 storm dragon skeletons
  A sea snake (shapeshifter) (Depths:1)
  6 skeletal warriors
  An unseen horror (shapeshifter) (Vaults:3)
  3 iron trolls
  2 spatial maelstroms (Abyss:5)
  4 large abominations
  3 glowing orange brains
  9 unseen horrors
  9 hell knights
  3 flayed ghosts
  12 swamp dragons
  44 deep trolls
  A death drake (shapeshifter) (Depths:4)
  2 spriggan druids
  A swamp dragon (shapeshifter) (Vaults:1)
  A wolf spider zombie (Spider:4)
  5 deep elf archers
  A tengu zombie (Vaults:4)
  15 harpies
  12 deep elf magi
  6 necromancers
  18 ironbrand convokers
  3 spectral wolf spiders (Spider:4)
  17 orb spiders
  14 orc knights
  30 wolf spiders
  25 ugly things
  A fire giant zombie (D:15)
  A frost giant zombie (D:15)
  A salamander (Depths:1)
  12 elephants
  A shining eye (Slime:1)
  A shadow dragon skeleton (Vaults:3)
  2 orc sorcerers
  2 manticores
  A tengu skeleton (Vaults:4)
  5 cyclopes
  4 moths of wrath
  A worldbinder (Abyss:5)
  A guardian serpent (shapeshifter) (Depths:4)
  3 fire giant skeletons
  A stone giant skeleton (Vaults:4)
  3 centaur zombies
  2 naga magi (Depths:4)
  2 molten gargoyles (Gauntlet)
  Joseph (D:8)
  A moth of wrath (shapeshifter) (Vaults:5)
  5 black mambas
  2 smoke demons
  3 torpor snails
  An ice statue (IceCv)
  15 vault sentinels
  A water nymph (shapeshifter) (D:14)
  20 spiny frogs
  3 rime drakes
  2 gargoyles (Gauntlet)
  An orange demon (Depths:3)
  A hellion (Depths:1)
  6 spectral redbacks (Spider:4)
  2 efreet (D:14)
  A komodo dragon (shapeshifter) (Depths:1)
  3 redback zombies
  An ice devil (Depths:5)
  6 komodo dragons
  A spiny frog (shapeshifter) (Depths:2)
  A yaktaur zombie (Vaults:4)
  19 demonic crawlers
  5 kobold demonologists
  38 yaktaurs
  6 freezing wraiths
  An entropy weaver simulacrum (Vaults:3)
  5 hellwings
  A yaktaur (shapeshifter) (Vaults:5)
  5 tengu conjurers
  A golden dragon simulacrum (Vaults:4)
  2 human skeletons (Vaults:4)
  13 trolls
  A troll (shapeshifter) (Vaults:3)
  37 jumping spiders
  A queen bee (shapeshifter) (D:14)
  A wind drake (Vaults:4)
  An ancient zyme (Abyss:5)
  A meliai (shapeshifter) (Depths:1)
  A jumping spider (shapeshifter) (Vaults:4)
  5 red devils (Depths:1)
  25 polar bears
  A raiju (Vaults:4)
  7 blink frogs
  2 bog bodies
  30 hornets
  11 tyrant leeches
  2 spectral jumping spiders (Spider:4)
  A fire dragon zombie (D:15)
  3 jumping spider zombies (Spider:4)
  48 slime creatures
  2 dream sheep (Lair:6)
  A hippogriff (shapeshifter) (Depths:3)
  A fire giant simulacrum (Vaults:4)
  11 hippogriffs
  A deep troll zombie (D:15)
  A tarantella zombie (Spider:4)
  2 meliai zombies (D:14)
  A spriggan (shapeshifter) (Vaults:5)
  72 redbacks
  25 spriggans
  5 shadows
  2 wraiths
  2 vampires
  A ynoxinul (Abyss:5)
  2 basilisks
  2 water elementals (Depths:1)
  11 humans (D:14)
  36 tarantellas
  A fire elemental (Abyss:5)
  A human (shapeshifter) (D:14)
  A wyvern (D:15)
  27 yaks
  4 fire bats
  2 golden eyes (Slime:1)
  3 small abominations
  2 hungry ghosts
  A golden eye (shapeshifter) (Depths:3)
  22 vampire mosquitoes
  A steam dragon (Lair:3)
  A chaos spawn (Depths:3)
  Menkaure (D:6)
  3 spatial vortices (Abyss:5)
  8 insubstantial wisps (Swamp:1)
  8 wargs
  A harpy simulacrum (Depths:4)
  15 swamp worms
  Edmund (D:6)
  An acid dragon (D:12)
  16 soldier ants
  A hell hound (Depths:1)
  14 water moccasins
  A floating eye (shapeshifter) (Depths:5)
  A floating eye (Depths:2)
  11 porcupines
  11 ice beasts
  5 sky beasts
  12 swamp drakes
  40 orc warriors
  4 black bears
  26 ogres
  2 phantoms
  10 boggarts
  An eye of draining (D:8)
  A necrophage (D:12)
  A sky beast (shapeshifter) (Vaults:3)
  The ghost of levstk the Ruffian, an amateur DrTm (D:3)
  An elf zombie (Vaults:4)
  9 crocodiles
  41 wolves
  The ghost of Zigma the Caller, an amateur DrSu (D:4)
  13 centaurs
  A crocodile (shapeshifter) (D:13)
  6 big kobolds
  Blork the orc (D:4)
  A human zombie (Vaults:4)
  24 bullfrogs
  A wyvern zombie (D:14)
  2 hornet simulacra (Gauntlet)
  6 scorpions
  8 killer bees
  10 wights
  4 howler monkeys
  3 vampire bats (Abyss:5)
  2 electric eels (D:8)
  16 crimson imps
  A starcursed mass (Abyss:5)
  3 quasits
  8 hounds
  6 jellies
  A gnoll shaman (Orc:2)
  2 iron imps (Depths:3)
  40 orc priests
  2 bullfrog skeletons
  8 centaur skeletons
  15 orc wizards
  2 iguanas
  34 worker ants
  A centaur simulacrum (Gauntlet)
  A hound skeleton (D:5)
  2 worker ant zombies
  Robin (D:4)
  19 gnolls
  A howler monkey skeleton (D:4)
  4 adders
  3 shadow imps
  A white imp (Depths:3)
  An ufetubus (Depths:3)
  3 adder zombies
  3 adder skeletons
  A worm (D:2)
  3 dart slugs
  6 leopard geckos
  81 orcs
  7 giant cockroaches
  24 goblins
  10 hobgoblins
  4 jackals
  20 kobolds
  2 quokkas
  A ball python (D:1)
  7 bats
  3 frilled lizards
  3 rats
  A crawling corpse (Vaults:5)
  A fungus (Lair:1)
2052 creatures vanquished.

Vanquished Creatures (others)
  A stone giant (Depths:2)
  A yaktaur captain (Depths:1)
  2 cyclopes
  9 yaktaurs
  A redback (Spider:4)
  A tarantella (Spider:1)
  An orc warrior (Vaults:2)
  A boggart (Vaults:1)
  2 centaurs (D:13)
  2 crimson imps (Depths:1)
  A hound (D:8)
  A leopard gecko (D:8)
  3 orcs
  9 plants
  8 starspawn tentacles (Abyss:5)
  2 toadstools (D:11)
  A withered plant (D:15)
46 creatures vanquished.

Grand Total: 2098 creatures vanquished

Notes
Turn   | Place    | Note
-------+----------+-------------------------------------------
     0 | D:1      | Napalmbreeze the Gargoyle Fighter began the quest for the
                  | Orb.
     0 | D:1      | Reached XP level 1. HP: 14/14 MP: 1/1
   198 | D:1      | Reached XP level 2. HP: 14/19 MP: 2/2
   479 | D:1      | Reached XP level 3. HP: 23/23 MP: 3/3
   920 | D:2      | Found a burning altar of Makhleb.
   927 | D:2      | Reached XP level 4. HP: 27/29 MP: 4/4
   998 | D:2      | Found a glowing silver altar of Zin.
  1507 | D:2      | Found an opulent altar of Gozag.
  1507 | D:2      | Found a shattered altar of Ashenzari.
  1837 | D:3      | Found an ancient bone altar of Kikubaaqudgha.
  1874 | D:3      | Reached XP level 5. HP: 33/33 MP: 5/5
  2137 | D:3      | Found a transporter.
  2138 | D:3      | Noticed levstk's ghost (amateur DrTm)
  2139 | D:3      | Found a transporter.
  2139 | D:3      | Noticed an ogre
  2139 | D:3      | Noticed an ogre
  2680 | D:3      | Found a glowing golden altar of the Shining One.
  2710 | D:4      | Noticed an ogre
  2744 | D:3      | Killed an ogre
  2744 | D:3      | Reached XP level 6. HP: 10/39 MP: 6/6
  3559 | D:4      | Found a hazy altar of Hepliaklqana.
  3560 | D:4      | Found a shimmering altar of Xom.
  3561 | D:4      | Noticed a spectral ugly thing
  3591 | D:4      | Found a transporter.
  3635 | D:4      | Found a transporter.
  3666 | D:4      | Found a sacrificial altar of Ru.
  3678 | D:4      | Noticed Robin
  3717 | D:4      | Reached skill level 5 in Maces & Flails
  3727 | D:4      | Killed Robin
  3727 | D:4      | Reached XP level 7. HP: 42/44 MP: 7/7
  3804 | D:4      | Found Kesob's Weapon Emporium.
  3929 | D:4      | Got a polished quarterstaff
  3947 | D:4      | Identified the cursed +0 quarterstaff "Goblinbane" {freeze,
                  | -Tele rC+ Dex+4} (You found it on level 4 of the Dungeon)
  4010 | D:4      | Reached skill level 5 in Fighting
  4010 | D:4      | Reached skill level 5 in Armour
  4112 | D:4      | Noticed Blork the orc
  4146 | D:4      | Killed Blork the orc
  4357 | D:5      | Entered Level 5 of the Dungeon
  4394 | D:5      | Found a shadowy altar of Dithmenos.
  4441 | D:5      | Reached skill level 5 in Shields
  4441 | D:5      | Reached XP level 8. HP: 40/50 MP: 8/8
  4647 | D:5      | Found a bloodstained altar of Trog.
  4832 | D:5      | Found Menug's Weapon Shop.
  5114 | D:5      | Found Ragul Waibes's Antique Armour Emporium.
  5153 | D:5      | Found Tailekem's Distillery.
  5162 | D:5      | Bought a potion of curing for 30 gold pieces
  5185 | D:5      | Found Zamnue's Antique Weapon Emporium.
  5255 | D:6      | Noticed Edmund
  5273 | D:6      | Killed Edmund
  5317 | D:6      | Reached XP level 9. HP: 34/55 MP: 9/9
  5550 | D:6      | Reached skill level 1 in Dodging
  5565 | D:6      | Found a staircase to the Ecumenical Temple.
  5582 | Temple   | Entered the Ecumenical Temple
  5624 | Temple   | Became a worshipper of Warmaster Okawaru
  5684 | D:6      | Noticed Menkaure
  5692 | D:6      | Killed Menkaure
  5778 | D:6      | Found a stormy altar of Qazlal.
  5980 | D:7      | Found a runed door.
  5989 | D:7      | Found a runed door.
  6111 | D:7      | Reached * piety under Okawaru
  6480 | D:7      | Reached skill level 1 in Invocations
  6505 | D:7      | Reached ** piety under Okawaru
  6634 | D:7      | Reached XP level 10. HP: 63/63 MP: 9/11
  7029 | D:3      | Killed levstk's ghost
  7314 | D:4      | Noticed Zigma's ghost (amateur DrSu)
  7325 | D:4      | Killed Zigma's ghost
  7907 | D:8      | Found a staircase to the Lair.
  8108 | D:8      | Found a sparkling altar of Nemelex Xobeh.
  8214 | D:8      | Noticed Joseph
  8449 | D:8      | Reached *** piety under Okawaru
  8468 | D:8      | Killed Joseph
  8684 | D:8      | Found an ornate altar of the Wu Jian Council.
  8914 | D:9      | Reached skill level 10 in Maces & Flails
  9020 | D:9      | Noticed a purple ugly thing
  9041 | D:9      | Killed a purple ugly thing
  9041 | D:9      | Reached **** piety under Okawaru
  9041 | D:9      | Reached XP level 11. HP: 55/68 MP: 13/13
  9157 | D:9      | Found Joxky's Antique Weapon Shoppe.
  9359 | D:9      | Noticed a two-headed ogre
  9367 | D:9      | Killed a two-headed ogre
  9512 | D:10     | Entered Level 10 of the Dungeon
 10260 | D:10     | Noticed a two-headed ogre
 10268 | D:10     | Killed a two-headed ogre
 10294 | D:10     | Noticed a two-headed ogre
 10312 | D:10     | Killed a two-headed ogre
 10488 | D:10     | Found a blossoming altar of Fedhas.
 10574 | D:10     | Reached ***** piety under Okawaru
 10670 | Lair:1   | Entered Level 1 of the Lair of Beasts
 11030 | Lair:1   | Reached skill level 5 in Invocations
 12201 | Lair:2   | Reached XP level 12. HP: 76/76 MP: 16/16
 12452 | Lair:2   | Reached skill level 5 in Dodging
 12963 | Lair:3   | Received a gift from Okawaru
 13004 | Lair:2   | Identified 2 scrolls of acquirement
 13095 | Lair:3   | Noticed an eight-headed hydra
 13106 | Lair:3   | Killed an eight-headed hydra
 13159 | Lair:3   | Found a hole to the Spider Nest.
 13598 | D:5      | Bought a shiny shield for 217 gold pieces
 14648 | Lair:4   | Noticed a five-headed hydra
 14663 | Lair:4   | Killed a five-headed hydra
 14699 | Lair:4   | Noticed a four-headed hydra
 14713 | Lair:4   | Killed a four-headed hydra
 14734 | Lair:4   | Noticed an eight-headed hydra
 14745 | Lair:4   | Killed an eight-headed hydra
 14918 | Lair:4   | Found a staircase to the Swamp.
 15677 | Lair:5   | Reached skill level 10 in Shields
 15817 | Lair:5   | Reached skill level 10 in Armour
 15817 | Lair:5   | Reached XP level 13. HP: 79/82 MP: 18/18
 15832 | Lair:5   | Reached skill level 10 in Fighting
 16106 | Lair:5   | Reached ****** piety under Okawaru
 16551 | Lair:6   | Entered Level 6 of the Lair of Beasts
 16636 | Lair:6   | Received a gift from Okawaru
 16868 | Lair:6   | Found a viscous altar of Jiyva.
 16868 | Lair:6   | Found a staircase to the Slime Pits.
 17028 | Lair:6   | Found a runed gate.
 17030 | Lair:6   | Noticed Harunobu's ghost (journeyman OgBe)
 17031 | Lair:6   | Found a runed gate.
 17032 | Lair:6   | Found a runed gate.
 17222 | Lair:6   | Received a gift from Okawaru
 17581 | Lair:6   | Gained mutation: Your large and strong wings let you fly
                  | indefinitely. [Gargoyle growth]
 17581 | Lair:6   | Reached XP level 14. HP: 63/88 MP: 16/20
 18403 | D:11     | Received a gift from Okawaru
 18791 | D:11     | Found a staircase to the Orcish Mines.
 18857 | D:11     | Noticed Erica
 18868 | D:11     | Killed Erica
 18868 | D:11     | Reached skill level 1 in Evocations
 18913 | D:11     | Got a twisted plate armour
 18925 | D:11     | Identified the +6 plate armour of the Clam {+Inv rN+ Dex+5
                  | Stlth-} (You found it on level 11 of the Dungeon)
 19015 | D:11     | Found Refof's Antique Armour Shop.
 19017 | D:11     | Found a runed door.
 19018 | D:11     | Noticed SpeedVeins's ghost (journeyman DDFi)
 19056 | D:11     | Found an opulent altar of Gozag.
 19322 | D:11     | Found Reemeic's Gadget Shoppe.
 19568 | D:11     | Found Ingurchum's Gadget Shoppe.
 19614 | D:12     | Noticed Urug
 19625 | D:12     | Killed Urug
 19738 | D:12     | Found a gate leading to a gauntlet.
 19751 | Gauntlet | Entered a Gauntlet
 19751 | Gauntlet | Found a transporter.
 19751 | Gauntlet | Found a transporter.
 19751 | Gauntlet | Found a transporter.
 19777 | Gauntlet | Found a transporter.
 19787 | Gauntlet | Found a transporter.
 19789 | Gauntlet | Found a transporter.
 19800 | Gauntlet | Found a transporter.
 19801 | Gauntlet | Noticed a reaper
 19821 | Gauntlet | Found a transporter.
 19836 | Gauntlet | Found a transporter.
 19839 | Gauntlet | Found a transporter.
 19848 | Gauntlet | Found a transporter.
 19850 | Gauntlet | Found a transporter.
 19958 | Gauntlet | Received a gift from Okawaru
 20197 | Gauntlet | Identified Sif Muna's Grimoire of Augmentations
 20317 | D:12     | Reached skill level 10 in Dodging
 21225 | D:13     | You are sucked into a shaft for 2 floors!
 21225 | D:15     | Entered Level 15 of the Dungeon
 21403 | D:15     | Reached XP level 15. HP: 90/95 MP: 21/21
 21872 | D:15     | Reached skill level 5 in Evocations
 21875 | D:15     | Found a staircase to the Depths.
 21907 | D:15     | Received a gift from Okawaru
 22144 | D:15     | Found a sacrificial altar of Ru.
 22369 | D:14     | Found Fuwneowu's Jewellery Boutique.
 22422 | D:14     | Found a frozen archway.
 22475 | IceCv    | Entered an ice cave
 23097 | IceCv    | Noticed a frost giant
 23139 | IceCv    | Killed a frost giant
 23697 | D:14     | Found a gate to the Vaults.
 24173 | D:14     | Received a gift from Okawaru
 24198 | D:14     | Reached XP level 16. HP: 77/104 MP: 22/22
 24233 | D:14     | Got a brightly glowing plate armour {god gift}
 24244 | D:14     | Identified the +1 plate armour "Huew" {MR+} (Okawaru gifted
                  | it to you on level 14 of the Dungeon)
 25383 | Orc:1    | Entered Level 1 of the Orcish Mines
 25794 | Orc:2    | Entered Level 2 of the Orcish Mines
 26111 | Orc:2    | Found a roughly hewn altar of Beogh.
 26267 | Orc:2    | Found a staircase to the Elven Halls.
 26268 | Orc:2    | Paralysed by an orc sorcerer for 4 turns
 27399 | Orc:2    | Received a gift from Okawaru
 27756 | Orc:2    | Found Tigh's General Store.
 27756 | Orc:2    | Found Xicuuden's General Store.
 27757 | Orc:2    | Found Dioke's Assorted Antiques.
 27757 | Orc:2    | Found Tiamitru's Gadget Boutique.
 27929 | D:14     | Bought the amulet "Etuy" {Reflect *Drain rN++ Str+4 Int+2
                  | SH+6} for 1494 gold pieces
 28164 | Swamp:1  | Entered Level 1 of the Swamp
 28343 | Swamp:1  | Received a gift from Okawaru
 28399 | Swamp:1  | Found a runed door.
 28399 | Swamp:1  | Noticed dcsswall's ghost (journeyman DsFE)
 28485 | Swamp:1  | Killed dcsswall's ghost
 28490 | Swamp:1  | Got a faintly glowing garnet amulet
 28491 | Swamp:1  | Identified the amulet "Hyarue" {Gourm Fragile rC++ Int+5}
                  | (You found it on level 1 of the Swamp)
 29080 | Swamp:2  | Noticed Roxanne
 29144 | Swamp:2  | Killed Roxanne
 30139 | Swamp:3  | Reached XP level 17. HP: 112/112 MP: 24/24
 30942 | Swamp:3  | Received a gift from Okawaru
 31109 | Swamp:4  | Entered Level 4 of the Swamp
 31318 | Swamp:4  | Reached skill level 10 in Evocations
 31768 | Swamp:4  | Reached skill level 15 in Fighting
 31785 | Swamp:4  | Reached skill level 15 in Armour
 31914 | Swamp:4  | Noticed the 27-headed Lernaean hydra
 31940 | Swamp:4  | Killed the 27-headed Lernaean hydra
 31940 | Swamp:4  | Reached skill level 15 in Maces & Flails
 32181 | Swamp:4  | Got a decaying rune of Zot
 32582 | Lair:6   | Killed Harunobu's ghost
 32596 | Lair:6   | Got a scorched hand axe
 32598 | Lair:6   | Identified the +2 hand axe of the Tomato {chop, rF+ rN+
                  | Str+4} (You acquired it on level 6 of the Lair of Beasts)
 32777 | Spider:1 | Entered Level 1 of the Spider Nest
 33029 | Spider:1 | Received a gift from Okawaru
 33410 | Spider:1 | Reached XP level 18. HP: 103/120 MP: 25/25
 34358 | Spider:2 | Received a gift from Okawaru
 35830 | Spider:3 | Received a gift from Okawaru
 36111 | Spider:4 | Entered Level 4 of the Spider Nest
 37358 | Spider:4 | Received a gift from Okawaru
 37427 | Spider:4 | Reached XP level 19. HP: 92/127 MP: 17/26
 38297 | Spider:4 | Got a gossamer rune of Zot
 38833 | Vaults:1 | Entered Level 1 of the Vaults
 38861 | Vaults:1 | Received a gift from Okawaru
 41239 | Vaults:2 | Identified the cursed +0 war axe of Lofemm {chaos, Str+6}
 41271 | Vaults:2 | Received a gift from Okawaru
 41287 | Vaults:2 | Paralysed by a sphinx for 5 turns
 41840 | Vaults:2 | Reached XP level 20. HP: 125/136 MP: 27/27
 41850 | Vaults:2 | Found a staircase to the Crypt.
 42076 | Vaults:2 | Found a shimmering altar of Xom.
 42363 | Vaults:2 | Noticed Mara
 42365 | Vaults:2 | Noticed Napalmbreeze's illusion
 42621 | Vaults:2 | Noticed Napalmbreeze's illusion
 42658 | Vaults:2 | Killed Mara
 42658 | Vaults:2 | Received a gift from Okawaru
 43640 | Vaults:3 | Received a gift from Okawaru
 44042 | Vaults:3 | Found Rexut's Armour Shop.
 45690 | Vaults:4 | Reached XP level 21. HP: 142/142 MP: 28/28
 45966 | Vaults:4 | Identified Sif Muna's Handbook of Unholy Self-Knowledge
 46063 | Vaults:4 | Noticed Margery
 46090 | Vaults:4 | Killed Margery
 46160 | Vaults:4 | Received a gift from Okawaru
 47476 | Vaults:4 | Received a gift from Okawaru
 47562 | Vaults:5 | Entered Level 5 of the Vaults
 48314 | Vaults:5 | Reached XP level 22. HP: 128/150 MP: 29/29
 48355 | Vaults:5 | Received a gift from Okawaru
 48386 | Vaults:5 | Noticed an ancient lich
 48390 | Vaults:5 | Noticed an ancient lich
 48393 | Vaults:5 | Noticed a golden dragon
 48398 | Vaults:5 | Noticed an ancient lich
 48411 | Vaults:5 | Reached skill level 15 in Shields
 48417 | Vaults:5 | Cast into level 5 of the Abyss (an ancient lich)
 48417 | Abyss:5  | Entered Level 5 of the Abyss
 48425 | Abyss:5  | Found a corrupted altar of Lugonu.
 48523 | Vaults:5 | Escaped the Abyss
 48960 | Vaults:5 | Cast into level 5 of the Abyss (an ancient lich)
 48960 | Abyss:5  | Entered Level 5 of the Abyss
 48972 | Abyss:5  | Found a deep blue altar of Sif Muna.
 48986 | Abyss:5  | Found a corrupted altar of Lugonu.
 49150 | Vaults:5 | Escaped the Abyss
 49335 | Vaults:5 | Cast into level 5 of the Abyss (an ancient lich)
 49335 | Abyss:5  | Entered Level 5 of the Abyss
 49391 | Abyss:5  | Received a gift from Okawaru
 49394 | Abyss:5  | Got a brightly glowing crystal plate armour {god gift}
 49396 | Abyss:5  | Found a huge runed gate.
 49396 | Abyss:5  | Found a huge runed gate.
 49396 | Abyss:5  | Found a huge runed gate.
 49396 | Abyss:5  | Found a huge runed gate.
 49396 | Abyss:5  | Found a large runed door.
 49398 | Abyss:5  | Found a huge runed gate.
 49398 | Abyss:5  | Found a huge runed gate.
 49399 | Abyss:5  | Found a huge runed gate.
 49399 | Abyss:5  | Found a large runed door.
 49400 | Abyss:5  | Found a huge runed gate.
 49412 | Abyss:5  | Found a large runed door.
 49412 | Abyss:5  | Found a large runed door.
 49416 | Abyss:5  | Found a huge runed gate.
 49431 | Abyss:5  | Found a corrupted altar of Lugonu.
 49445 | Abyss:5  | Got an abyssal rune of Zot
 49572 | Vaults:5 | Escaped the Abyss
 49810 | Vaults:4 | Identified the +9 crystal plate armour of Impermeability
                  | {Int+2} (Okawaru gifted it to you on level 5 of the Abyss)
 50018 | Depths:1 | Entered Level 1 of the Depths
 50095 | Depths:1 | Found a gateway to Hell.
 50584 | Depths:1 | Got a slimy turquoise ring
 50586 | Depths:1 | Identified the ring of Winter {rF- rN+++ MR+ Dex+7 SInv}
                  | (You found it on level 1 of the Depths)
 50794 | Depths:1 | Found Xitaahan's Jewellery Shoppe.
 51332 | Depths:2 | Received a gift from Okawaru
 51638 | Depths:2 | Found a portal to a secret trove of treasure.
 51985 | Depths:2 | Reached XP level 23. HP: 158/158 MP: 30/30
 52520 | Depths:2 | Noticed a caustic shrike
 52528 | Depths:2 | Killed a caustic shrike
 52530 | Depths:2 | Identified the +5 hand axe "Ogreslayer" {venom, *Slow +Inv
                  | rElec Str+3}
 53400 | Depths:3 | Found the +8 autumn katana {slice, Clar}
 53402 | Depths:3 | Received a gift from Okawaru
 53949 | Depths:3 | Found a one-way gate leading to the halls of Pandemonium.
 54326 | Depths:4 | Received a gift from Okawaru
 54334 | Depths:4 | Got a fine flail {god gift}
 54347 | Depths:4 | Identified the +7 flail of the Reaper {crush, rPois}
                  | (Okawaru gifted it to you on level 4 of the Depths)
 54386 | Depths:4 | Noticed Frederick
 54403 | Depths:4 | Killed Frederick
 54871 | Depths:4 | Reached XP level 24. HP: 127/166 MP: 16/30
 54925 | Depths:4 | Received a gift from Okawaru
 55141 | Depths:4 | Found a gateway to a ziggurat.
 55519 | Depths:4 | Noticed Boris
 55549 | Depths:4 | Killed Boris
 55716 | Depths:4 | Found a one-way gate to the infinite horrors of the Abyss.
 56232 | Depths:1 | Bought the amulet "Atyb Ach" {Reflect rF+ Str+2 SH+5} for
                  | 1366 gold pieces
 56337 | Depths:5 | Entered Level 5 of the Depths
 57265 | Depths:5 | Received a gift from Okawaru
 57516 | Depths:5 | Noticed Sojobo
 57545 | Depths:5 | Killed Sojobo
 57786 | Depths:5 | Found a gate to the Realm of Zot.
 57799 | Depths:5 | Received a gift from Okawaru
 58396 | Vaults:5 | Killed an ancient lich
 58396 | Vaults:5 | Reached XP level 25. HP: 171/173 MP: 24/30
 58433 | Vaults:5 | Killed an ancient lich
 58476 | Vaults:5 | Noticed an ancient lich
 58503 | Vaults:5 | Killed an ancient lich
 58991 | Vaults:5 | Noticed an ancient lich
 59003 | Vaults:5 | Killed an ancient lich
 59150 | Vaults:5 | Got a silver rune of Zot
 59167 | Vaults:5 | Killed an ancient lich
 59167 | Vaults:5 | Received a gift from Okawaru
 59400 | Vaults:5 | Identified the Disquisition on Attacks
 59558 | Vaults:5 | Identified the Tome of Dark Magic
 60299 | Slime:1  | Entered Level 1 of the Pits of Slime
 60696 | Slime:1  | Gained mutation: You occasionally shout uncontrollably at
                  | your foes. [a shining eye]
 60713 | Slime:1  | Splashed with acid

Vault maps used:
D:1:      minmay_arrival_open_corners
D:2:      makhleb_grotto_becter, nicolae_overflow_crystal_walls,
          gammafunk_temple_overflow_pools, first_ration
D:3:      lemuel_coloured_pillars_altar, kiku_gazebo_pond_becter,
          gammafunk_ghost_smash, st_stairs_13
D:4:      minmay_evil_eye, regret_index_temple_of_mockery,
          overflow_temple_1_default, gammafunk_ghost_gnarly_gnolls,
          kennysheep_small_circle, uniq_blork_the_orc, uniq_robin
D:5:      black_bear_nest_1, bloody_trog, marbit_many_paths, serial_shops,
          kennysheep_little_box, shop, shop, nicolae_shop_stone
D:6:      minmay_temple_entry_grid, nrook_campfire,
          nicolae_qazlal_general_emergency, uniq_menkaure, uniq_edmund
D:7:      lemuel_insect_pit, hex_medium, minivault_22, roderic_st_hans_cross
D:8:      nemelex_altar_shiori, lemuel_round_altar, erik_lair_island,
          uniq_joseph
D:9:      serial_shops, shop, blue_anna_alchemist
D:10:     serial_glass, glass_columns_a, glass_columns_c, basic_altar
D:11:     erik_orc_4, gammafunk_ghost_grave, serial_shops, shop, shop, shop,
          minmay_gold_behind_fungi, lemuel_centaur_altar, uniq_erica
D:12:     gauntlet_entry_generic, uniq_urug
D:13:     minmay_misc_feat_cross
D:14:     ximxim_vaults_locker_room, minivault_23, serial_shops,
          nicolae_shop_stone, portal_ice_cave_entry_ice_beasts, hangedman_aviary
D:15:     gammafunk_depths_entry_grave, lemuel_altar_in_water, evilmike_butchery
Temple:   jpeg_temple_island
Lair:1:   st_stairs_7
Lair:2:   lemuel_fruit_tree, serial_bayou_shore_b, serial_bayou_shore_b,
          infiniplex_staircase_pool_2
Lair:3:   spider_nest_entry_a, lemuel_fruit_fields, grunt_megastairs_5
Lair:4:   swamp_mist
Lair:5:   beast_lair_carwin_6
Lair:6:   minmay_lair_end_enchanted_forest, dpeg_slime_entry_enclosed_altar,
          gammafunk_ghost_hydra_chop, columned_hall_lemuel
Swamp:1:  gammafunk_ghost_grave, evilmike_swamp_ruin_house_2
Swamp:2:  serial_swamp_ruin, evilmike_swamp_ruin_house_6,
          evilmike_swamp_ruin_rubble_2, uniq_roxanne
Swamp:3:  nicolae_swamp_very_dense_foliage, swamp_pool3,
          nicolae_swamp_stair_fork, nicolae_swamp_triple_paths, st_swamp_ruins_2
Swamp:4:  swamp_old_school, swamp_pool4
Spider:2: minmay_another_anthill
Spider:3: guppyfry_spider_mini_2
Spider:4: floodkiller_spider_rune_tomb
Orc:2:    st_orc_pillars, basic_altar
Vaults:1: vaults_dpeg_encased_lava, v_misc_8, nicolae_vaults_yaktaur_gun_rack,
          hangedman_vaults_nodes, v_pattern_1, ontoclasm_vaults_bender,
          hangedman_vaults_impose, nicolae_vaults_ring_of_whatevers,
          hangedman_vaults_locks, hangedman_vaults_stretched_pinwheel,
          hangedman_vaults_hard_town_square, v_misc_12, hangedman_vaults_nails,
          nicolae_vaults_diagonal_hallway_8
Vaults:2: minmay_crypt_entry_simple_walls, hangedman_vaults_slice, v_rooms_3,
          ontoclasm_vaults_hangar, ontoclasm_vaults_shuriken,
          vaults_room_door_ring, basic_altar, uniq_mara
Vaults:3: v_misc_16, nicolae_vaults_asterisk, hangedman_vaults_slither,
          dpeg_vaults_monster_row, vaults_mumra_chevron,
          nicolae_vaults_alarming, vaults_room_semicircle, vaults_dpeg_ring,
          nicolae_vaults_mini_display_case, hangedman_vaults_restitches,
          serial_shops, nicolae_shop_crystal
Vaults:4: vaults_room_stairs_pillars, ontoclasm_vaults_pinch,
          ontoclasm_vaults_ring_large, nicolae_vaults_big_angled_halls,
          vaults_room_guarded_vault, v_misc_29, v_misc_12,
          nicolae_vaults_little_squares_2, nicolae_vaults_little_ls,
          nicolae_vaults_shelves_hall, ontoclasm_vaults_chip, uniq_margery
Vaults:5: serial_shops
Depths:1: hellmouth_3, serial_shops, shop, lemuel_another_geyser,
          kennysheep_random_hallway
Depths:2: hangedman_stitches_corridor, enter_trove_0, hell_entry
Depths:3: minmay_open_boxes_in_corner, pf_hell_entry_tar_spiral,
          hangedman_glass_teeth, grunt_pan_entry_sceptre, st_stairs_5,
          corexii_leaking_fountain, spider_trap, minmay_misc_feat_secret_circle,
          minmay_staircase_statues_hall_small
Depths:4: hangedman_crystal_crosses_colossus, abyss_entry, hell_entry,
          serial_shops, uniq_frederick, uniq_boris
Depths:5: grunt_zot_entry_hairpin, hangedman_coc_ice_floe, pan_entry,
          uniq_sojobo
Abyss:5:  evilmike_nicolae_abyss_rune_containment_curve,
          guppyfry_abyss_exit_glass_guarded, bh_abyss_exit_spiral,
          evilmike_abyss_rune_ettins, evilmike_abyss_exit_8,
          evilmike_abyss_exit_7, due_evilmike_abyss_rune_seething_liches,
          hangedman_abyss_feature_spike, hangedman_abyss_or_decor_stagger,
          hangedman_abyss_or_decor_lesser_grid, evilmike_abyss_exit_15
IceCv:    ice_cave_caverns_03
Gauntlet: minmay_gauntlet_mixed_big_or_small

Skill      XL: |  1  2  3  4  5  6  7  8  9 10 11 12 13 14 15 16 17 18 19 20 21 22 23 24 25 |
---------------+----------------------------------------------------------------------------+-----
Maces & Flails | 3 4 5 6 7 9 10 11 12 14 15 16 17 18 19 20 22 | 22.0
Fighting       | 4 5 6 7 8 9 10 11 13 14 15 16 17 18 19 20 21 22 | 22.0
Armour         | 4 5 6 7 8 9 10 11 13 14 15 16 17 18 19 20 21 22 | 22.0
Shields        | 4 5 6 7 8 9 10 12 13 14 15 17 | 17.4
Dodging        | 2 3 4 5 8 10 12 | 12.4
Invocations    | 1 3 5 6 8 |  8.0
Evocations     | 4 7 9 10 | 10.0

Action                   |  1- 3 |  4- 6 |  7- 9 | 10-12 | 13-15 | 16-18 | 19-21 | 22-24 | 25-27 || total
-------------------------+-------+-------+-------+-------+-------+-------+-------+-------+-------++-------
Melee: Flail             |   108 |    73 |   177 |   982 |  2137 |  2998 |  2285 |       |       ||  8760
       Mace              |       |   137 |   201 |       |       |       |       |       |       ||   338
       Eveningstar       |       |       |       |       |       |       |   232 |  1604 |   328 ||  2164
Throw: Javelin           |       |       |       |       |       |       |       |     1 |       ||     1
Invok: Heroism           |       |       |       |    12 |    24 |    23 |    23 |    19 |     3 ||   104
       Finesse           |       |       |       |     2 |     7 |    10 |     8 |     9 |       ||    36
 Abil: Fly               |       |       |       |       |     1 |       |       |     1 |       ||     2
       Stop Flying       |       |       |       |       |       |       |     1 |       |       ||     1
Evoke: Wand              |       |       |       |       |       |    24 |    11 |     5 |     5 ||    45
  Use: Scroll            |       |       |     8 |    11 |    11 |    10 |    10 |     9 |     2 ||    61
       Potion            |       |       |     1 |     1 |       |       |     2 |     5 |     2 ||    11
 Stab: Confused          |       |       |       |       |       |     1 |       |       |       ||     1
       Held in net/web   |       |       |       |       |       |     1 |       |       |       ||     1
  Eat: Chunk             |       |     6 |     7 |    27 |    25 |    18 |    18 |    18 |     1 ||   120
       Ration            |       |     1 |     1 |     1 |     2 |     8 |     6 |     5 |     1 ||    25
Armor: Scale mail        |    35 |       |       |       |       |       |       |       |       ||    35
       Chain mail        |    24 |   145 |   190 |   294 |       |       |       |       |       ||   653
       Plate armour      |       |       |       |   160 |  1045 |  1552 |  1117 |   342 |       ||  4216
       Crystal plate arm |       |       |       |       |       |       |       |   854 |   226 ||  1080
Dodge: Dodged            |    18 |    52 |   112 |   352 |   846 |  1618 |  1012 |   854 |   245 ||  5109
Block: Shield            |    40 |   116 |   190 |   529 |  1573 |  3288 |  2478 |  1942 |   429 || 10585
       Reflection        |       |       |       |       |    12 |    34 |    82 |    34 |    13 ||   175

Table legend:
 A = Non-vault XP
 B = Vault XP
 C = Vault XP percentage of total XP
 D = Non-vault monster count
 E = Vault monster count
 F = Vault count percentage of total count
                 A         B        C        D         E       F
            +---------+---------+-------+---------+---------+-------
      Total |  504619 |  569613 |  53.0 |    1242 |     825 |  39.9
            +---------+---------+-------+---------+---------+-------
        D:1 |      37 |       0 |   0.0 |      20 |       0 |   0.0
        D:2 |      28 |      48 |  63.2 |      15 |       1 |   6.2
        D:3 |     439 |     359 |  45.0 |      28 |       5 |  15.2
        D:4 |     221 |     427 |  65.9 |      12 |      28 |  70.0
        D:5 |     854 |     240 |  21.9 |      20 |       2 |   9.1
        D:6 |     961 |     329 |  25.5 |      17 |       2 |  10.5
        D:7 |    1681 |     564 |  25.1 |      33 |      14 |  29.8
        D:8 |    1037 |    1394 |  57.3 |      20 |      10 |  33.3
        D:9 |    2422 |     103 |   4.1 |      18 |       1 |   5.3
       D:10 |    3334 |       0 |   0.0 |      23 |       0 |   0.0
       D:11 |    4113 |    1890 |  31.5 |      13 |      21 |  61.8
       D:12 |    7355 |     831 |  10.2 |      41 |       1 |   2.4
       D:13 |    6454 |       0 |   0.0 |      28 |       0 |   0.0
       D:14 |   15670 |   10154 |  39.3 |      48 |      28 |  36.8
       D:15 |   11953 |    4526 |  27.5 |      35 |       8 |  18.6
     Lair:1 |    3231 |     196 |   5.7 |      17 |       1 |   5.6
     Lair:2 |    2665 |       0 |   0.0 |      14 |       0 |   0.0
     Lair:3 |    3790 |    1359 |  26.4 |      14 |       7 |  33.3
     Lair:4 |    4858 |       0 |   0.0 |      14 |       0 |   0.0
     Lair:5 |    3658 |    2797 |  43.3 |      16 |       8 |  33.3
     Lair:6 |   15286 |   12159 |  44.3 |      33 |      50 |  60.2
    Swamp:1 |    9998 |    1640 |  14.1 |      33 |       1 |   2.9
    Swamp:2 |    9014 |    2044 |  18.5 |      26 |       1 |   3.7
    Swamp:3 |    9281 |    3752 |  28.8 |      26 |       5 |  16.1
    Swamp:4 |   11188 |   21964 |  66.3 |      25 |      26 |  51.0
   Spider:1 |   17697 |       0 |   0.0 |      53 |       0 |   0.0
   Spider:2 |   20382 |    6511 |  24.2 |      56 |      33 |  37.1
   Spider:3 |    9095 |    1840 |  16.8 |      30 |       7 |  18.9
   Spider:4 |   14066 |   39334 |  73.7 |      40 |      71 |  64.0
    Slime:1 |    6175 |       0 |   0.0 |       9 |       0 |   0.0
    Slime:2 |    8553 |       0 |   0.0 |      19 |       0 |   0.0
      Orc:1 |    1400 |       0 |   0.0 |      17 |       0 |   0.0
      Orc:2 |    2014 |   12544 |  86.2 |      29 |      74 |  71.8
   Vaults:1 |   12953 |   26697 |  67.3 |      22 |      45 |  67.2
   Vaults:2 |   30980 |   19552 |  38.7 |      49 |      20 |  29.0
   Vaults:3 |   42611 |   19636 |  31.5 |      60 |      26 |  30.2
   Vaults:4 |   40227 |   55888 |  58.1 |      56 |      58 |  50.9
   Vaults:5 |   26912 |  113163 |  80.8 |      40 |      51 |  56.0
   Depths:1 |   17276 |    9014 |  34.3 |      25 |      19 |  43.2
   Depths:2 |   42892 |   25069 |  36.9 |      52 |      20 |  27.8
   Depths:3 |   24847 |   14633 |  37.1 |      33 |      24 |  42.1
   Depths:4 |       0 |   94464 | 100.0 |       0 |      58 | 100.0
   Depths:5 |   42652 |   32891 |  43.5 |      44 |      19 |  30.2
    Abyss:5 |   14359 |   13691 |  48.8 |      19 |      21 |  52.5
      IceCv |       0 |   12890 | 100.0 |       0 |      47 | 100.0
   Gauntlet |       0 |    5020 | 100.0 |       0 |      12 | 100.0
            +---------+---------+-------+---------+---------+-------
